 Dungeon Crawl Stone Soup version 0.17-a0-1479-g4041c36 (webtiles) character file.

60 Vlagh the Changer (level 3, 0/15 HPs)
             Began as a Felid Transmuter on July 3, 2015.
             Slain by an adder (2 damage)
             ... on level 2 of the Dungeon.
             The game lasted 00:08:03 (2223 turns).

Vlagh the Changer (Felid Transmuter)                Turns: 2223, Time: 00:08:03

Health: 0/15       AC:  1    Str:  7    XL:     3   Next: 82%
Magic:  8/8        EV: 18    Int: 14    God:
Gold:   28         SH:  0    Dex: 16    Spells: 3 memorised, 1 level left
                                        Lives:  0   Deaths: 0

rFire  . . .     SeeInvis +       - Unarmed
rCold  . . .     Clarity  .     (armour unavailable)
rNeg   . . .     SustAt   .     (shield unavailable)
rPois  .         Gourm    .     (helmet unavailable)
rElec  .         Spirit   .     (cloak unavailable)
rCorr  .         Warding  .     (gloves unavailable)
rMut   .         Stasis   .     (boots unavailable)
MR     .....                    (no amulet)
Stlth  ++........               (no ring)
                                (no ring)

@: appendage (expiring), quick, not resistant to hostile enchantments,
unstealthy
A: no armour, no weapons or thrown items, claws 1, fangs 3, horns 2, see
invisible, carnivore 3, speed 1, shaggy fur 1, slow metabolism 1, sharp paws
a: End Transformation


You were on level 2 of the Dungeon.
You were completely stuffed.
You had grown temporary horns.
You visited 1 branch of the dungeon, and saw 3 of its levels.

You collected 28 gold pieces.

Inventory:

Missiles
 a - 12 arrows
Scrolls
 g - a scroll of remove curse {unknown}
 j - a scroll of noise {unknown}
 k - a scroll of enchant armour {unknown}
 o - a scroll of teleportation {unknown}
Potions
 d - a potion of ambrosia {unknown}
 e - a potion of cure mutation {unknown}
 f - a potion of degeneration {unknown}
 h - a potion of brilliance {unknown}
 i - 3 potions of curing {unknown}
 l - a potion of lignification {unknown}
 m - a potion of poison {unknown}
Books
 b - a book of Changes

   Spells                             Type                      Level
   a - Beastly Appendage              Transmutation                1
   b - Sticks to Snakes               Transmutation                2
   c - Spider Form                    Transmutation/Poison         3
   d - Ice Form                       Ice/Transmutation            4
   e - Blade Hands                    Transmutation                5
Comestibles
 c - a meat ration
 n - 5 chunks of flesh


   Skills:
 - Level 1.0 Fighting
 - Level 2.6 Dodging
 - Level 3.0 Unarmed Combat
 + Level 2.8 Spellcasting
 * Level 3.7 Transmutations
 * Level 0.5 Poison Magic


You had one spell level left.
You knew the following spells:

 Your Spells              Type           Power        Failure   Level  Hunger
a - Beastly Appendage     Trmt           ##....       6%          1    #......
b - Sticks to Snakes      Trmt           ##........   10%         2    ###....
c - Spider Form           Trmt/Pois      #.........   30%         3    ###....


Dungeon Overview and Level Annotations

Branches:
Dungeon (3/15)

Altars:


Innate Abilities, Weirdness & Mutations

You cannot wear armour.
You are incapable of wielding weapons or throwing items.
You have sharp claws.
You have razor-sharp teeth.
You have supernaturally acute eyesight.
You are carnivorous and can eat meat at any time.
You cover ground quickly.
You are covered in fur (AC +1).
You have a slow metabolism.
Your sharp claws are effective at attacking unaware monsters.
You have a pair of horns on your head.


Message History

You feel sick.
You are no longer poisoned.
The adder bites you.
* * * LOW HITPOINT WARNING * * *
You closely miss the adder. Your headbutt misses the adder.
The adder is almost dead.
The adder barely misses you.
You closely miss the adder.
The adder is almost dead.
The adder completely misses you.
You completely miss the adder. Your headbutt misses the adder.
The adder is almost dead.
The adder barely misses you. The adder bites you but does no damage.
You closely miss the adder. Your headbutt misses the adder.
The adder is almost dead.
The adder closely misses you.
You miss the adder. Your headbutt misses the adder.
The adder is almost dead.
The adder bites you.
You die...

..... #.. ....####..#
....##....###
..#.........#
#...........# ####
............## ...#
.....(.......####...#
.................S..#
............)...@...#
.......##########...#
....#### ...# ##..#
...# #..## #.## #..#
## #..# ####


You could see an adder (bleeding).

Vanquished Creatures
  2 gnolls (D:1)
  An ooze (D:1)
  A worm (D:2)
  A giant gecko (D:2)
  4 goblins (D:1)
  9 hobgoblins
  2 jackals (D:2)
  4 kobolds
  5 bats (D:1)
  2 giant newts (D:1)
31 creatures vanquished.

Notes
Turn   | Place    | Note
--------------------------------------------------------------
     0 | D:1      | Vlagh the Felid Transmuter began the quest for the Orb.
     0 | D:1      | Reached XP level 1. HP: 9/9 MP: 4/4
    85 | D:1      | Reached XP level 2. HP: 5/12 MP: 4/6
   430 | D:1      | Learned a level 2 spell: Sticks to Snakes
   525 | D:1      | Reached XP level 3. HP: 2/15 MP: 8/8
   915 | D:1      | Learned a level 3 spell: Spider Form
  2223 | D:2      | Slain by an adder

Vault maps used:
D:1:      dpeg_arrival_tiny_i
D:2:      first_bread, fedhas_altar_4

Action                   || total
-------------------------++-------
Melee: Unarmed           ||   109
 Cast: Beastly Appendage ||    23
       Spider Form       ||     5
 Stab: Sleeping          ||     2
  Eat: Chunk             ||    11
